[Event "Titled Tuesday Blitz October 25 Late 2022"]
[White "Bordi, Kevin"]
[Black "Sadhwani, Raunak"]
[WhiteFideId "621862"]
[BlackFideId "35093487"]
[WhiteElo "2838"]
[BlackElo "2656"]
[Result "0-1"]
[Round "11"]
[TimeControl "180+1"]
[Date "2022.10.26"]
[WhiteClock "0:00:10"]
[BlackClock "0:00:17"]

1. e4 g6 2. d4 d6 3. Nc3 Bg7 4. g3 Nf6 5. Bg2 O-O 6. Nge2 e5 7. O-O Nc6 8. dxe5 Nxe5 9. h3 h5 10. Be3 Nc4 11. Bc1 Re8 12. b3 Nb6 13. Bb2 Nxe4 14. Bxe4 Rxe4 15. Nxe4 Bxb2 16. Rb1 Bg7 17. h4 Bg4 18. f3 Bf5 19. Nd4 Bxe4 20. fxe4 Qe7 21. Qd3 Nd7 22. Nf3 Nc5 23. Qc4 Ne6 24. Rbe1 c6 25. e5 d5 26. Qe2 Re8 27. Qe3 c5 28. Rf2 Qc7 29. Kg2 Re7 30. Rfe2 Qc6 31. Kh2 b6 32. Ng5 Nxg5 33. Qxg5 Qe6 34. Qf4 d4 35. Qe4 Kh7 36. a4 a6 37. Qd3 a5 38. Qc4 Kg8 39. Qxe6 Rxe6 40. Kg2 Kf8 41. Kf3 Ke7 42. g4 hxg4+ 43. Kxg4 Rc6 44. e6 fxe6 45. Rf1 e5 46. Ref2 Bf6 47. Kf3 Bxh4 48. Rh2 Rf6+ 49. Ke2 Rxf1 50. Kxf1 g5 51. Ke2 e4 52. Rh1 Ke6 53. Rf1 Bg3 54. Rf8 Be5 55. Ra8 g4 56. Ra6 Bc7 57. Ra7 Kd7 58. Ra8 g3 59. Rg8 Ke6 60. Rg7 Be5 61. Rb7 Kf5 62. Rxb6 d3+ 63. cxd3 exd3+ 0-1


[Site "https://www.chess.com"]

[Event "Titled Tuesday Blitz October 25 Late 2022"]
[White "Boskovic, Drasko"]
[Black "Leenhouts, Koen"]
[WhiteFideId "927368"]
[BlackFideId "1008439"]
[WhiteElo "2388"]
[BlackElo "2409"]
[Result "0-1"]
[Round "11"]
[TimeControl "180+1"]
[Date "2022.10.26"]
[WhiteClock "0:02:18"]
[BlackClock "0:01:23"]

1. e4 c5 2. Nf3 e6 3. d3 Nc6 4. g3 d5 5. Nbd2 Nf6 6. Bg2 Be7 7. O-O O-O 8. Re1 b5 9. e5 Nd7 10. h4 a5 11. Nf1 b4 12. Bf4 a4 13. Ne3 a3 14. b3 Bb7 15. h5 Nd4 16. Nxd4 cxd4 17. Ng4 Rc8 18. Rc1 Rc6 19. h6 g6 20. Qd2 g5 21. Bxg5 Bxg5 22. f4 Be7 23. Kf2 Kh8 24. Rh1 Rg8 25. Bf3 Qb6 26. Rcg1 Rgc8 27. Bd1 Nc5 28. Rh5 Ne4+ 29. dxe4 dxe4 30. Ke1 d3 0-1


[Site "https://www.chess.com"]

[Event "Titled Tuesday Blitz October 25 Late 2022"]
[White "Broca Jimenez, Fernando"]
[Black "Burke, Paul"]
[WhiteFideId "5104742"]
[BlackFideId "2605767"]
[WhiteElo "2062"]
[BlackElo "1854"]
[Result "1-0"]
[Round "11"]
[TimeControl "180+1"]
[Date "2022.10.26"]
[WhiteClock "0:00:12"]
[BlackClock "0:00:01"]

1. e4 e5 2. Nf3 Nc6 3. Bb5 f5 4. d3 Nf6 5. O-O Be7 6. Bxc6 dxc6 7. Nxe5 O-O 8. Nc3 Bd6 9. Nf3 fxe4 10. dxe4 Bg4 11. Qd3 Kh8 12. e5 Bxf3 13. exd6 Bh5 14. dxc7 Qxc7 15. Bg5 Ng4 16. Qg3 Qf7 17. h3 Nf6 18. Rae1 Nd5 19. Nxd5 Qxd5 20. b3 Rae8 21. Be3 Bg6 22. c4 Qa5 23. Ra1 c5 24. Qd6 b6 25. Bd2 Qa6 26. Bc3 Qb7 27. Rad1 Qf7 28. Qd7 Re7 29. Qd2 Rfe8 30. Rde1 Rxe1 31. Rxe1 Rxe1+ 32. Qxe1 h6 33. Qe5 Kh7 34. g4 Qf3 35. Kh2 Qxf2+ 36. Kh1 Qf3+ 37. Kg1 Qf7 38. Kg2 Qb7+ 39. Kg3 Qf7 40. h4 Bb1 41. Qe3 Qc7+ 42. Kh3 Qc6 43. Kg3 Qh1 44. Qf2 Qc6 45. Qe3 Qc7+ 46. Qf4 1-0


[Site "https://www.chess.com"]

[Event "Titled Tuesday Blitz October 25 Late 2022"]
[White "Buchenau, Frank"]
[Black "Varriale, Luca"]
[WhiteFideId "4604350"]
[BlackFideId "882461"]
[WhiteElo "2157"]
[BlackElo "2245"]
[Result "0-1"]
[Round "11"]
[TimeControl "180+1"]
[Date "2022.10.26"]
[WhiteClock "0:00:02"]
[BlackClock "0:00:01"]

1. e4 Nf6 2. e5 Nd5 3. d4 d6 4. Nf3 Bg4 5. c4 Nb6 6. Be2 g6 7. h3 Bxf3 8. Bxf3 Nc6 9. Bxc6+ bxc6 10. Qe2 Bg7 11. Bf4 O-O 12. Nd2 Nd7 13. e6 Nf6 14. O-O fxe6 15. Qxe6+ Rf7 16. Nf3 Qc8 17. Ng5 Qxe6 18. Nxe6 Nd7 19. Rfe1 Bxd4 20. Nxd4 Rxf4 21. Nxc6 e5 22. Ne7+ Kf7 23. Nd5 Rxc4 24. Rac1 Rxc1 25. Rxc1 Nc5 26. b4 Ne6 27. Rc6 a5 28. Nxc7 Nxc7 29. Rxc7+ Ke6 30. b5 a4 31. b6 Rb8 32. b7 d5 33. Rxh7 Kd6 34. h4 Kc6 35. g4 d4 36. Kf1 Kd5 37. Ke2 Ke4 38. h5 gxh5 39. gxh5 d3+ 40. Kd2 Rf8 41. Rf7 Rxf7 42. b8=Q Rxf2+ 43. Kc1 Rc2+ 44. Kb1 Rc4 45. Qb7+ Ke3 46. Qd5 d2 47. Qxe5+ Re4 48. Qc5+ Rd4 49. Qg5+ Ke2 50. Qe5+ Kd3 51. Qg3+ Ke2 52. Qg2+ Kd3 53. Qf1+ Ke3 54. Qd1 Rd3 55. Qf1 Kd4 0-1


[Site "https://www.chess.com"]

[Event "Titled Tuesday Blitz October 25 Late 2022"]
[White "Castellanos Gomez, Alejandro"]
[Black "Omariev, Maksim"]
[WhiteFideId "22284141"]
[BlackFideId "4193423"]
[WhiteElo "2168"]
[BlackElo "2420"]
[Result "1-0"]
[Round "11"]
[TimeControl "180+1"]
[Date "2022.10.26"]
[WhiteClock "0:00:03"]
[BlackClock "0:00:01"]

1. e4 c5 2. d4 cxd4 3. c3 dxc3 4. Nf3 e6 5. Bc4 cxb2 6. Bxb2 a6 7. O-O Nc6 8. a4 d6 9. Nc3 Nf6 10. Re1 Be7 11. Rb1 O-O 12. Bc1 b6 13. Be3 Nd7 14. h4 Bb7 15. Ng5 h6 16. Nxe6 fxe6 17. Bxe6+ Kh8 18. Nd5 Nc5 19. Bf5 b5 20. axb5 axb5 21. Qh5 Rxf5 22. exf5 Ra4 23. Nxe7 Nxe7 24. f6 Ng8 25. f7 Nf6 26. Bxc5 Re4 27. Rxe4 Bxe4 28. Qe2 dxc5 29. Rxb5 Bg6 30. Rb7 Qf8 31. Qb5 Bxf7 32. Rb8 Be8 33. Qb7 c4 34. f3 Qc5+ 35. Kh2 c3 36. Rc8 Qe5+ 37. g3 Qe2+ 38. Kh3 c2 39. Qc6 Qf1+ 40. Kh2 Qf2+ 41. Kh3 Qf1+ 42. Kh2 Kh7 43. Qxc2+ Kg8 44. Qd2 Qb5 45. Qa2+ 1-0


[Site "https://www.chess.com"]

[Event "Titled Tuesday Blitz October 25 Late 2022"]
[White "Celestino, Rafael Teixeira"]
[Black "Ballester Llagaria, Luis Eduardo"]
[WhiteFideId "2108925"]
[BlackFideId "2297620"]
[WhiteElo "2430"]
[BlackElo "2344"]
[Result "1-0"]
[Round "11"]
[TimeControl "180+1"]
[Date "2022.10.26"]
[WhiteClock "0:00:21"]
[BlackClock "0:01:00"]

1. e4 Nf6 2. Nc3 e5 3. Bc4 Nc6 4. d3 Na5 5. Bb5 a6 6. Ba4 b5 7. Bb3 Nxb3 8. axb3 d5 9. Bg5 Bb4 10. Bxf6 Qxf6 11. exd5 O-O 12. Qf3 Qg6 13. Qg3 Qd6 14. Ne2 Qxd5 15. O-O Qe6 16. Nxb5 Qc6 17. Nbc3 Bd6 18. Ne4 Qxc2 19. Rfd1 Qxe2 20. Nf6+ Kh8 21. Qh4 h6 22. Ne4 Bb7 23. Ng3 Bc5 24. Nxe2 Rad8 25. d4 exd4 26. Nxd4 Rd5 27. Nf3 Rf5 28. Qg4 Rf6 29. Ne5 Bd6 30. Nd7 Rg6 31. Qxg6 fxg6 32. Nxf8 Bxf8 33. Rd8 Kg8 34. Re1 Kf7 35. Rb8 Bd5 36. Rc8 Bd6 37. Rd1 Bxb3 38. Rxd6 cxd6 39. Rc6 d5 40. Rxa6 Ke7 41. f3 d4 42. Kf2 g5 43. g3 Bc2 44. Ke2 Bf5 45. Kd2 Kf7 46. b4 Ke7 47. b5 Kd7 48. Ra7+ Kd6 49. Rxg7 Kc5 50. Rf7 Bc8 51. Rc7+ 1-0


[Site "https://www.chess.com"]

[Event "Titled Tuesday Blitz October 25 Late 2022"]
[White "Chigaev, Maksim"]
[Black "Djordjevic, Vuk"]
[WhiteFideId "4108116"]
[BlackFideId "902098"]
[WhiteElo "2537"]
[BlackElo "2456"]
[Result "0-1"]
[Round "11"]
[TimeControl "180+1"]
[Date "2022.10.26"]
[WhiteClock "0:00:05"]
[BlackClock "0:00:04"]

1. Nf3 Nf6 2. c4 e6 3. g3 d5 4. Bg2 Be7 5. O-O O-O 6. b3 a5 7. Nc3 c6 8. d4 b6 9. Qd3 Ba6 10. a4 Nbd7 11. Rd1 Bb4 12. Bg5 Bxc3 13. Qxc3 Ne4 14. Qc1 Nxg5 15. Nxg5 Rc8 16. Nf3 c5 17. dxc5 Nxc5 18. Qe3 Qf6 19. cxd5 exd5 20. Nd4 Rfe8 21. Qf3 Qxf3 22. Bxf3 Ne4 23. e3 g6 24. Rac1 Nc3 25. Rd2 Ne4 26. Rdc2 Rxc2 27. Rxc2 Bb7 28. Rc7 Nc5 29. g4 Rd8 30. g5 Rd7 31. Rxd7 Nxd7 32. h4 f6 33. Kh2 Kf7 34. Kg3 Nc5 35. Bg2 Ne6 36. Ne2 Nc5 37. Nd4 Ne6 38. gxf6 Kxf6 39. Bh3 Nxd4 40. exd4 Bc6 41. Bg2 h6 42. f4 Bb7 43. Bf3 Bc6 44. Kf2 Bb7 45. Ke3 Bc6 46. Bg4 Be8 47. Bc8 Bf7 48. Bh3 Be6 49. Bg2 Kf5 0-1


[Site "https://www.chess.com"]

[Event "Titled Tuesday Blitz October 25 Late 2022"]
[White "Cortes Orihuela, Javier"]
[Black "Almedina Ortiz, Edgardo J."]
[WhiteFideId "3414329"]
[BlackFideId "3100197"]
[WhiteElo "2080"]
[BlackElo "2217"]
[Result "1-0"]
[Round "11"]
[TimeControl "180+1"]
[Date "2022.10.26"]
[WhiteClock "0:00:10"]
[BlackClock "0:00:02"]

1. d4 Nf6 2. c4 e6 3. g3 d5 4. Nf3 Be7 5. Bg2 O-O 6. Nc3 c6 7. O-O b6 8. Qd3 Ba6 9. b3 Nbd7 10. e4 dxc4 11. bxc4 e5 12. dxe5 Ng4 13. Bf4 Nc5 14. Qe2 Qd3 15. Qxd3 Nxd3 16. h3 Nxf4 17. gxf4 Nh6 18. Nd4 Rac8 19. Rfd1 Bxc4 20. Bf1 Bxf1 21. Kxf1 Rfd8 22. Rac1 Bc5 23. Nb3 Ba3 24. Rb1 Kf8 25. Ke2 Ng8 26. Nd2 Ne7 27. Nc4 Bc5 28. Na4 Bd4 29. Nd6 c5 30. Nxc8 Rxc8 31. Rbc1 Re8 32. Nc3 Ng6 33. Nb5 Nxf4+ 34. Kf3 Bxe5 35. Nd6 Bxd6 36. Rxd6 Ne6 37. Kg2 g5 38. f3 Kg7 39. a4 Nf4+ 40. Kf2 Re7 41. Ke3 1-0


[Site "https://www.chess.com"]

[Event "Titled Tuesday Blitz October 25 Late 2022"]
[White "D`Arruda, Ricardo D."]
[Black "Fernandez De La Vara, Arnaldo"]
[WhiteFideId "100692"]
[BlackFideId "3518388"]
[WhiteElo "2461"]
[BlackElo "2387"]
[Result "0-1"]
[Round "11"]
[TimeControl "180+1"]
[Date "2022.10.26"]
[WhiteClock "0:00:11"]
[BlackClock "0:00:20"]

1. Nf3 c5 2. c4 Nc6 3. Nc3 g6 4. d4 cxd4 5. Nxd4 Bg7 6. e3 Nf6 7. Be2 d6 8. O-O O-O 9. b3 Bd7 10. Bb2 Qa5 11. a3 Rfc8 12. b4 Qd8 13. Rc1 a6 14. h3 h6 15. Qb3 g5 16. Qc2 g4 17. Nf5 Ne5 18. Nxg7 Kxg7 19. c5 gxh3 20. f4 hxg2 21. Kxg2 Neg4 22. Bxg4 Nxg4 23. Kf3 e5 24. f5 Qg5 25. Qe4 Bxf5 26. Qxb7 Qxe3+ 27. Kg2 Qd2+ 28. Kg3 Qh2+ 29. Kf3 Qf4+ 30. Kg2 Ne3+ 31. Kg1 Qg3+ 32. Kh1 Qh3+ 33. Kg1 Nxf1 34. Rxf1 Rab8 35. Qe7 Re8 36. Qxd6 Rbd8 37. Qc6 Rd2 0-1


[Site "https://www.chess.com"]

[Event "Titled Tuesday Blitz October 25 Late 2022"]
[White "Deac, Bogdan-Daniel"]
[Black "Paravyan, David"]
[WhiteFideId "1226380"]
[BlackFideId "4194985"]
[WhiteElo "3010"]
[BlackElo "3100"]
[Result "1-0"]
[Round "11"]
[TimeControl "180+1"]
[Date "2022.10.26"]
[WhiteClock "0:00:07"]
[BlackClock "0:00:09"]

1. e4 e5 2. Nf3 Nf6 3. Nxe5 d6 4. Nf3 Nxe4 5. d4 d5 6. Bd3 Bd6 7. O-O O-O 8. c4 c6 9. Re1 Bf5 10. Qb3 Na6 11. cxd5 cxd5 12. Nc3 Be6 13. Qa4 Nxc3 14. bxc3 Nc7 15. Ng5 h6 16. Nxe6 fxe6 17. g3 Qf6 18. Be3 a6 19. Qc2 b5 20. a4 Rfc8 21. Qe2 Qf7 22. Qg4 h5 23. Qg5 Be7 24. Qg6 bxa4 25. Rxa4 Qxg6 26. Bxg6 h4 27. Rea1 Rab8 28. Bf4 Rb3 29. Bxc7 Rxc7 30. Rxa6 Rbxc3 31. Rxe6 h3 32. Rae1 R3c6 33. Rxc6 Rxc6 34. Bf5 Bf6 35. Bxh3 Bxd4 36. Be6+ Kf8 37. Bxd5 Rc2 38. Rf1 g5 39. Kg2 Kg7 40. h3 Kf6 41. Kf3 Ke5 42. Bf7 Kf6 43. Bg8 Ke5 44. Bh7 Rb2 45. Bd3 Rb3 46. Re1+ Kf6 47. Rd1 Ke5 48. Kg2 Rb2 49. Re1+ Kf6 50. Be2 Bc5 51. Kf1 Bd4 52. Rd1 Ke5 53. Rd3 Rb1+ 54. Kg2 Rb2 55. Kf3 Rb8 56. Ra3 Rf8+ 57. Kg4 Bxf2 58. Ra5+ Kd6 59. Rxg5 Rb8 60. h4 Rb3 61. Bf3 Rb4+ 62. Kh3 Rb3 63. Rg6+ Ke5 64. Kg2 Be3 65. h5 Rb2+ 66. Kh3 Rf2 67. Bg4 Rf6 68. Rg8 Rf1 69. Re8+ Kd4 70. Kg2 Rg1+ 71. Kh2 Rf1 72. Bh3 Rf2+ 73. Bg2 Rf6 74. g4 Bg5 75. Kg3 Rb6 76. Rg8 Rb3+ 77. Bf3 Rb5 78. Rg6 Ke3 79. Re6+ Kd4 80. Re4+ Kd3 81. Re6 Kd4 82. h6 Rb8 83. h7 Rh8 84. Be4 Kc5 85. Bf5 Kd5 86. Rg6 Be7 87. Rg8 Bf6 88. g5 Be5+ 89. Kg4 Kd6 90. g6 Ke7 91. g7 Bxg7 92. Rxg7+ Kf8 93. Ra7 Ke8 94. Ra8+ Kf7 95. Rxh8 Kg7 96. Ra8 Kh6 97. Ra6+ Kg7 98. Ra1 Kh8 99. Kg5 Kg7 100. Ra7+ Kh8 101. Ra8+ Kg7 102. h8=Q+ Kf7 103. Qf8# 1-0


[Site "https://www.chess.com"]

[Event "Titled Tuesday Blitz October 25 Late 2022"]
[White "Dilmukhametov, Artur"]
[Black "Senthil Maran K"]
[WhiteFideId "24179922"]
[BlackFideId "25035681"]
[WhiteElo "2197"]
[BlackElo "2109"]
[Result "1-0"]
[Round "11"]
[TimeControl "180+1"]
[Date "2022.10.26"]
[WhiteClock "0:00:06"]
[BlackClock "0:00:04"]

1. d4 h6 2. e4 a6 3. Nf3 e6 4. Bd3 b5 5. O-O Bb7 6. a4 b4 7. Qe2 c5 8. c3 Nf6 9. e5 Nd5 10. Be4 Qc7 11. c4 Nb6 12. a5 Nc8 13. d5 Ra7 14. Rd1 g5 15. d6 Qd8 16. Bxb7 Rxb7 17. Nbd2 Nc6 18. Ne4 Bg7 19. Nxc5 Ra7 20. h3 O-O 21. Be3 Ra8 22. Nd3 f6 23. exf6 Qxf6 24. c5 N8a7 25. Rab1 Rab8 26. Nd2 Nxa5 27. Ra1 N7c6 28. Ra4 Qf5 29. Rda1 Rb5 30. Rc1 Qd5 31. Rd1 Nc4 32. Nxc4 Qxc4 33. Rxa6 Rxc5 34. Bxc5 Qxa6 35. Qd2 b3 36. Be3 Qc4 37. Nc5 Rf7 38. Rc1 Qb5 39. Ra1 Qb4 40. Qxb4 Nxb4 41. Ra3 Nc2 42. Rxb3 Nxe3 43. fxe3 Be5 44. Ne4 Kg7 45. Rb7 Kg6 46. g4 h5 47. Kg2 h4 48. b4 Rf8 49. Rxd7 Rb8 50. Re7 Bg7 51. Rxe6+ Kf7 52. Nxg5+ Kf8 53. Re7 Rb6 54. Ne6+ Kg8 55. Rxg7+ Kh8 56. Rd7 Rxb4 57. Nd4 Rb6 58. Nf5 Kg8 59. Rc7 Rb2+ 60. Kf3 Rd2 61. d7 Kf7 62. d8=Q+ Kg6 63. Rg7# 1-0


[Site "https://www.chess.com"]

[Event "Titled Tuesday Blitz October 25 Late 2022"]
[White "Estrada Nieto, Julian"]
[Black "Wiegmann, Sascha"]
[WhiteFideId "5101018"]
[BlackFideId "4682041"]
[WhiteElo "2252"]
[BlackElo "2305"]
[Result "0-1"]
[Round "11"]
[TimeControl "180+1"]
[Date "2022.10.26"]
[WhiteClock "0:00:02"]
[BlackClock "0:00:01"]

1. e4 c5 2. Nf3 d6 3. d4 cxd4 4. Qxd4 Nc6 5. Bb5 Bd7 6. Bxc6 bxc6 7. Nc3 e5 8. Qd3 Be7 9. O-O Nf6 10. b3 O-O 11. Bg5 Be6 12. Bxf6 Bxf6 13. Rfd1 Be7 14. Na4 Qa5 15. c4 Rab8 16. Qc3 Rb4 17. Nb2 Rb5 18. Qxa5 Rxa5 19. Nd3 c5 20. Nb2 Rb8 21. Na4 Bxc4 22. Nc3 Be6 23. Nd2 Bf8 24. Kf1 Rb4 25. Ke2 Rd4 26. Nf3 f6 27. h3 Rxd1 28. Rxd1 c4 29. b4 Ra3 30. Rc1 Kf7 31. Rc2 Bd7 32. Nd2 d5 33. Nxd5 c3 34. Nb1 Bb5+ 35. Ke3 Ra4 36. Nbxc3 Ra3 37. Kd2 Bc4 38. Ne3 Be6 39. Ncd5 Ra4 40. Rc7+ Kg6 41. Rc2 Bxb4+ 42. Nxb4 Rxb4 43. f3 Ra4 44. Nd5 Ra5 45. Nc7 Bf7 46. g4 Rxa2 47. Rxa2 Bxa2 48. Ke3 Kg5 49. Nb5 a6 50. Nd6 a5 51. Ne8 g6 52. Nd6 Be6 53. Nb5 a4 54. Na3 Kh4 0-1


[Site "https://www.chess.com"]

[Event "Titled Tuesday Blitz October 25 Late 2022"]
[White "Ferreira, Vitor Hugo Vieira"]
[Black "Averjanov, Alexey"]
[WhiteFideId "2119765"]
[BlackFideId "14109867"]
[WhiteElo "2168"]
[BlackElo "2654"]
[Result "0-1"]
[Round "11"]
[TimeControl "180+1"]
[Date "2022.10.26"]
[WhiteClock "0:01:14"]
[BlackClock "0:00:39"]

1. Nf3 d5 2. g3 c6 3. Bg2 Nf6 4. O-O Bf5 5. c4 e6 6. cxd5 exd5 7. d3 Be7 8. Nc3 O-O 9. Nd4 Bg6 10. e4 Nbd7 11. Kh1 Re8 12. f4 dxe4 13. dxe4 Qb6 14. e5 Bh5 15. Nf3 Ng4 16. Qe2 Bc5 17. Na4 Qa5 18. Nxc5 Nxc5 19. h3 Nh6 20. g4 Nxg4 21. hxg4 Bxg4 22. Qe1 Qb5 23. Qg3 h5 24. Nh2 Bf5 25. Be3 Ne4 26. Qh4 g6 27. b3 Rad8 28. Rad1 Rd3 29. Rxd3 Qxd3 30. Qe1 h4 31. Bf2 h3 32. Bf3 Rd8 33. Qe2 Qxe2 34. Bxe2 Rd2 35. Ng4 Rxe2 36. Nh6+ Kh7 37. Nxf5 Nxf2+ 38. Kg1 Ne4 39. Nh4 h2+ 40. Kh1 Ng3# 0-1


[Site "https://www.chess.com"]

[Event "Titled Tuesday Blitz October 25 Late 2022"]
[White "Ferriz Barrios, Andres"]
[Black "Petrova, Irina"]
[WhiteFideId "5104467"]
[BlackFideId "14124122"]
[WhiteElo "2235"]
[BlackElo "2023"]
[Result "0-1"]
[Round "11"]
[TimeControl "180+1"]
[Date "2022.10.26"]
[WhiteClock "0:00:57"]
[BlackClock "0:00:13"]

1. d4 d6 2. Nf3 g6 3. Nc3 Bg7 4. Bf4 Nd7 5. e4 c5 6. dxc5 Nxc5 7. e5 Ne6 8. Bg3 dxe5 9. Qxd8+ Nxd8 10. Nxe5 Nf6 11. O-O-O O-O 12. Bc4 Bf5 13. f3 a6 14. Bf4 Nh5 15. g3 Nxf4 16. gxf4 Rc8 17. Bb3 Ne6 18. Nd5 Rfe8 19. Kb1 Nc5 20. Nb6 Nxb3 21. Nxc8 Rxc8 22. axb3 Bxc2+ 23. Ka2 Bxd1 24. Rxd1 f6 25. Nc4 Kf7 26. Rd7 b5 27. Nd6+ Ke6 28. Rxe7+ Kxd6 29. Rxg7 Rc7 30. Rg8 Ke6 31. Ra8 Rc6 32. Rd8 Kf5 33. Rd4 Re6 34. h4 Re3 35. Rd6 Rxf3 36. Rxa6 Rxf4 37. Rb6 b4 38. h5 gxh5 39. Rb5+ Kg4 40. Rb7 h4 41. Rxh7 h3 42. Kb1 Kg3 43. Kc2 h2 44. Kd3 Kg2 45. Rg7+ Kh3 46. Ke3 Rh4 47. Kf2 h1=Q 48. Rg3+ Kh2 49. Rf3 Qxf3+ 50. Kxf3 Rh3+ 51. Ke4 Rxb3 52. Kf5 Rxb2 53. Kxf6 Rc2 0-1


[Site "https://www.chess.com"]

[Event "Titled Tuesday Blitz October 25 Late 2022"]
[White "Firouzja, Alireza"]
[Black "Kollars, Dmitrij"]
[WhiteFideId "12573981"]
[BlackFideId "12909572"]
[WhiteElo "3114"]
[BlackElo "2956"]
[Result "1/2-1/2"]
[Round "11"]
[TimeControl "180+1"]
[Date "2022.10.26"]
[WhiteClock "0:00:06"]
[BlackClock "0:00:12"]

1. d4 Nf6 2. c4 e6 3. Nf3 d5 4. e3 a6 5. Nc3 dxc4 6. Bxc4 b5 7. Be2 Bb7 8. O-O c5 9. dxc5 Bxc5 10. Qxd8+ Kxd8 11. Nd2 Nbd7 12. Nb3 Bd6 13. Rd1 Ke7 14. Na5 Rab8 15. Nxb7 Rxb7 16. Bd2 Rc7 17. Bf1 Rhc8 18. a4 b4 19. Ne2 Ne4 20. Be1 e5 21. f3 Nef6 22. Ng3 Bc5 23. Nf5+ Kf8 24. Bxa6 Ra8 25. Bb5 g6 26. Nd6 Bxe3+ 27. Kf1 Bc5 28. Nc4 Kg7 29. Bg3 Re8 30. a5 Re7 31. a6 Ra7 32. Rac1 Bd4 33. Nd6 Re6 34. Nc8 Raxa6 35. Bxa6 Rxa6 36. Rc7 Ra2 37. b3 Rb2 38. Nd6 Rxb3 39. Ne8+ Nxe8 40. Rxd7 Nf6 41. R7xd4 exd4 42. Be5 Re3 43. Bxd4 Re6 44. Rb1 g5 45. Rxb4 Kg6 46. Rb5 h6 47. Kf2 Rd6 48. Ke3 Nd5+ 49. Ke4 Nf6+ 50. Kd3 Nd5 51. g3 Nc7 52. Rb6 Rxb6 53. Bxb6 Ne6 54. Be3 f5 55. Ke2 g4 56. fxg4 fxg4 57. Kd3 Kf5 58. Bxh6 Nc5+ 59. Ke2 Ne4 60. Kf1 Nc5 61. Kg2 Ne4 62. Be3 Nf6 63. Bd4 Nd5 64. Bf2 Ke4 65. Bg1 Kf5 66. Bf2 Ke4 67. Bg1 Kf5 68. Bf2 1/2-1/2


[Site "https://www.chess.com"]

[Event "Titled Tuesday Blitz October 25 Late 2022"]
[White "Floresvillar Gonzalez, Luis Migu"]
[Black "Jensen, Matthew R"]
[WhiteFideId "5100542"]
[BlackFideId "2018110"]
[WhiteElo "2040"]
[BlackElo "2289"]
[Result "0-1"]
[Round "11"]
[TimeControl "180+1"]
[Date "2022.10.26"]
[WhiteClock "0:00:02"]
[BlackClock "0:00:22"]

1. e4 c6 2. Nf3 d5 3. Nc3 dxe4 4. Nxe4 Nf6 5. Nxf6+ exf6 6. Qe2+ Be7 7. g3 O-O 8. Bg2 Re8 9. O-O Bc5 10. Qd1 Bg4 11. h3 Bh5 12. g4 Bg6 13. d4 Bd6 14. c3 Be4 15. Re1 Nd7 16. Bd2 Nf8 17. Qb3 Bc7 18. Nh4 Qd6 19. Rxe4 Rxe4 20. Bxe4 Qh2+ 21. Kf1 Qxh3+ 22. Bg2 Qxh4 23. Qxb7 Rb8 24. Qxc7 Rxb2 25. Be3 Qxg4 26. Qxc6 Qe2+ 27. Kg1 h5 28. Qf3 Qb5 29. a4 Qa5 30. c4 Ng6 31. Qa8+ Kh7 32. Be4 f5 33. Bd5 f4 34. Bc1 Qe1+ 35. Kh2 Qxf2+ 36. Bg2 Qg3+ 37. Kh1 Qe1+ 38. Kh2 Nh4 39. Bxb2 Qg3+ 40. Kg1 f3 41. Qe4+ g6 42. Qc2 fxg2 43. Qf2 Nf3+ 44. Qxf3 Qxf3 45. Re1 Qh3 46. Kf2 Qh1 47. Rg1 h4 48. Rxg2 h3 49. Rg4 Qh2+ 50. Kf3 Qxb2 51. Rh4+ Kg7 52. Rxh3 Qxd4 53. Rg3 Qxc4 54. Rg4 Qb3+ 55. Kf4 Qxa4+ 56. Kg5 Qb5+ 57. Kh4 Qh5+ 58. Kg3 Qxg4+ 59. Kxg4 f5+ 60. Kg5 Kf7 61. Kh6 Kf6 62. Kh7 g5 63. Kh6 g4 64. Kh5 g3 65. Kh4 g2 66. Kh3 g1=Q 67. Kh4 f4 68. Kh3 Kf5 69. Kh4 Qg4# 0-1


[Site "https://www.chess.com"]

[Event "Titled Tuesday Blitz October 25 Late 2022"]
[White "Gardezi, Arsal"]
[Black "Luxama, Jacques Muller"]
[WhiteFideId "30949521"]
[BlackFideId "11900113"]
[WhiteElo "1906"]
[BlackElo "1931"]
[Result "1-0"]
[Round "11"]
[TimeControl "180+1"]
[Date "2022.10.26"]
[WhiteClock "0:00:16"]
[BlackClock "0:00:07"]

1. e4 c5 2. Nf3 d6 3. d4 cxd4 4. Nxd4 Nf6 5. Nc3 a6 6. f3 e5 7. Nb3 Be7 8. Be3 Be6 9. Qd2 Nbd7 10. O-O-O b5 11. g4 Nb6 12. g5 Nfd7 13. Nd5 Nxd5 14. exd5 Bf5 15. Na5 O-O 16. Nc6 Qe8 17. Bd3 Bxd3 18. Qxd3 Nb8 19. Nxe7+ Qxe7 20. h4 Nd7 21. h5 f5 22. gxf6 Nxf6 23. Kb1 e4 24. fxe4 Qxe4 25. Qxe4 Nxe4 26. Rhg1 Nf6 27. Bf4 Rad8 28. h6 g6 29. Bg5 Rde8 30. a4 Ne4 31. Bc1 Rf5 32. axb5 axb5 33. Rd4 Ree5 34. Rb4 Nf6 35. Rxb5 Rxd5 36. Rb8+ Kf7 37. Rb7+ Ke6 38. b4 Rf2 39. Re1+ Kf5 40. Bb2 Rdd2 41. Rf7 Kg5 42. Bc1 1-0


[Site "https://www.chess.com"]

[Event "Titled Tuesday Blitz October 25 Late 2022"]
[White "Gedgafov, Chamal"]
[Black "Barria Zuniga, Daniel"]
[WhiteFideId "34130621"]
[BlackFideId "3400816"]
[WhiteElo "2067"]
[BlackElo "2414"]
[Result "0-1"]
[Round "11"]
[TimeControl "180+1"]
[Date "2022.10.26"]
[WhiteClock "0:00:48"]
[BlackClock "0:00:20"]

1. c4 e6 2. Nf3 d5 3. e3 Nf6 4. b3 g6 5. Bb2 Bg7 6. d4 O-O 7. Nc3 b6 8. Be2 Bb7 9. O-O Qe7 10. Ne5 Rd8 11. Rc1 a6 12. cxd5 exd5 13. Bf3 b5 14. a4 c6 15. Nb1 Ne4 16. Bxe4 dxe4 17. Ba3 Qe6 18. Qc2 f6 19. Nc4 bxc4 20. bxc4 a5 21. Nc3 Qxc4 22. Qxe4 Na6 23. Qe7 Qf7 24. Qe4 c5 25. Qh4 cxd4 26. exd4 Nb4 27. Nb5 Rd7 28. Rc5 Rad8 29. Rfc1 Nd3 30. h3 Nxc1 31. Rxc1 Ba6 32. Bc5 Bxb5 33. axb5 f5 34. Rd1 a4 35. b6 Qb3 36. Rc1 a3 37. b7 a2 38. Be7 Qxb7 39. Bxd8 Qb1 40. Bg5 Qxc1+ 41. Bxc1 a1=Q 42. Qf4 Qxd4 43. Qb8+ Rd8 44. Qb3+ Qd5 45. Qa3 Qd1+ 46. Kh2 Qd6+ 47. Qxd6 Rxd6 48. Be3 Rc6 49. g3 Kf7 50. Kg2 h5 51. Kf3 Ke6 52. h4 Be5 53. Ke2 Kd5 54. Kd3 Ra6 55. Ke2 Ra4 56. Bg5 Bd4 57. f3 Ra2+ 58. Kd3 Ra3+ 59. Ke2 Kc4 60. Bf4 Ra2+ 61. Kf1 Kd3 62. Bd6 Rf2+ 63. Kg1 Rxf3+ 64. Kg2 Ke4 65. Bc7 Rd3 66. Bb8 Be5 67. Ba7 Rxg3+ 68. Kh1 Rd3 69. Kg2 Rd7 70. Bb8 Bxb8 0-1


[Site "https://www.chess.com"]

[Event "Titled Tuesday Blitz October 25 Late 2022"]
[White "Gireman, Ja"]
[Black "Hoffmann, Asa"]
[WhiteFideId "5043794"]
[BlackFideId "2001470"]
[WhiteElo "2153"]
[BlackElo "2117"]
[Result "0-1"]
[Round "11"]
[TimeControl "180+1"]
[Date "2022.10.26"]
[WhiteClock "0:00:22"]
[BlackClock "0:00:28"]

1. d4 Nf6 2. Nc3 d6 3. e4 c6 4. Nf3 Bg4 5. h3 Bh5 6. g4 Bg6 7. Bd3 e6 8. Qe2 d5 9. Bg5 Be7 10. Bxf6 Bxf6 11. O-O-O Nd7 12. h4 h5 13. exd5 Bxd3 14. Rxd3 cxd5 15. g5 Be7 16. g6 Nf8 17. gxf7+ Kxf7 18. Ne5+ Kg8 19. Rg3 Bf6 20. Rhg1 Rh7 21. f4 Rc8 22. R3g2 Qa5 23. Nd7 Nxd7 24. Qxe6+ Kh8 25. Qxd7 Rd8 26. Qf7 Qb4 27. Re1 Qf8 28. Qxf8+ Rxf8 29. Nxd5 Bxh4 30. f5 Bxe1 31. Re2 Bh4 32. c4 Bf6 33. Kc2 Bxd4 34. Nf4 Kg8 35. Ne6 Re8 36. b4 Bf6 37. c5 h4 38. b5 h3 39. c6 bxc6 40. bxc6 h2 41. c7 Rc8 0-1


[Site "https://www.chess.com"]